 Dungeon Crawl Stone Soup version 0.28.0-53-g5a82cb258f (webtiles) character file.

Game seed: 4265577034482892949

124 ZappyNine the Ruffian (level 5, 0/40 HPs)
             Began as a Barachi Transmuter on May 23, 2022.
             Slain by a black bear (2 damage)
             ... on level 3 of the Dungeon.
             The game lasted 00:04:26 (3914 turns).

ZappyNine the Ruffian (Barachi Transmuter)          Turns: 3914, Time: 00:04:26

Health: 0/40       AC:  2    Str: 14    XL:     5   Next: 8%
Magic:  7/8        EV: 12    Int: 13    God:
Gold:   80         SH:  0    Dex: 12    Spells: 2/8 levels left

rFire   . . .      SeeInvis .     - Unarmed
rCold   . . .      Faith    .   (no shield)
rNeg    + . .      Spirit   .   a - +0 robe
rPois   .          Reflect  .   (helmet currently unavailable)
rElec   .          Harm     .   (no cloak)
rCorr   .          Rampage  .   (no gloves)
Will    .....                   (boots currently unavailable)
Stlth   +.........              (no amulet)
HPRegen 0.13/turn               h - ring of positive energy
MPRegen 0.11/turn               (no ring)

@: appendages, slow
A: horns 2, talons 2, amphibious, slowness 1, strong legs 1, +LOS
a: Hop, End Transformation


You were on level 3 of the Dungeon.
You had temporarily grown beastly horns and talons.
You visited 1 branch of the dungeon, and saw 3 of its levels.

You collected 80 gold pieces.

Inventory:

Armour
 a - a +0 robe (worn)
Jewellery
 h - a ring of positive energy (left hand)
Scrolls
 d - 2 scrolls of identify {unknown}
 f - a scroll of torment {unknown}
 j - a scroll of teleportation {unknown}
 k - a scroll of noise {unknown}
Potions
 b - 2 potions of might {unknown}
 c - a potion of heal wounds {unknown}
 e - a potion of ambrosia {unknown}
 g - a potion of degeneration {unknown}
 i - a potion of mutation {unknown}
 l - a potion of attraction {unknown}


   Skills:
 + Level 2.9 Fighting
 - Level 2.1 Dodging
 * Level 4.9 Unarmed Combat
 - Level 2.1 Spellcasting
 - Level 2.9 Transmutations
 + Level 1.2 Poison Magic


You had 2 spell levels left.
You knew the following spells:

 Your Spells              Type           Power      Damage    Failure   Level
a - Beastly Appendage     Tmut           18%        N/A       8%          1
b - Wereblood             Tmut           9%         N/A       11%         2
c - Spider Form           Tmut/Pois      6%         N/A       32%         3

Your spell library contained the following spells:

 Spells                   Type           Power      Damage    Failure   Level
 Static Discharge         Conj/Air       1%         N/A       36%         2
 Ice Form                 Ice/Tmut       5%         N/A       80%         4
 Lightning Bolt           Conj/Air       0%         1d11      100%        5
 Maxwell's Capacitive Co  Air            0%         ∞         100%        8


Dungeon Overview and Level Annotations

Branches:
Dungeon (3/15)

Altars:


Innate Abilities, Weirdness & Mutations

You have temporarily grown beastly horns and talons.
You are amphibious.
You cover ground slowly.
You can hop short distances.
You have an extended range of vision and can be seen from far away.


Message History

The black bear bites you. The black bear barely misses you.
The black bear misses you.
You completely miss the black bear.
You punch the black bear, but do no damage.
The black bear is heavily wounded.
The bat hits you. The black bear misses you. The black bear claws you.
The black bear closely misses you.
You punch the black bear!
The black bear is severely wounded.
The bat hits you but does no damage. The black bear closely misses you.
The black bear barely misses you. x2
You closely miss the black bear.
The black bear is severely wounded.
The bat closely misses you. The black bear misses you.
The black bear closely misses you. x2
Unknown command.
The bat hits you but does no damage.
The black bear goes berserk!
The bat barely misses you.
Casting: Beastly Appendage (safe; 8% risk of failure)
Confirm with . or Enter, or press ? or * to list all spells.
You grow a pair of large bovine horns.
Your feet morph into talons.
The black bear bites you. The black bear claws you. The black bear misses you.
Unknown command.
You hit the black bear but do no damage.
You claw the black bear.
The black bear is severely wounded.
The black bear bites you!
* * * LOW HITPOINT WARNING * * *
The black bear closely misses you.
The black bear claws you but does no damage.
The black bear bites you.
* * * LOW HITPOINT WARNING * * *
The black bear closely misses you. The black bear claws you.
* * * LOW HITPOINT WARNING * * *
You hit the black bear. You claw the black bear.
The black bear is almost dead.
The black bear bites you.
* * * LOW HITPOINT WARNING * * *
The black bear claws you.
You die...

# ##.## #
##.#.##.#
#.#.....#
#.b.#
##h#########
#@# #.....#
#.###.....#
#.........#
#####.....#
#...>.#
###.### #.#
#.# #.#
###.# #.#


You could see a black bear (berserk) and a bat.

Vanquished Creatures
  A howler monkey skeleton (D:3)
  5 adders
  A worm (D:2)
  An orc (D:3)
  4 ball pythons
  5 endoplasms
  3 giant cockroaches (D:1)
  5 goblins
  6 hobgoblins
  6 jackals
  10 kobolds
  4 quokkas
  6 bats
  2 frilled lizards (D:1)
  4 rats
63 creatures vanquished.

Notes
Turn   | Place    | Note
-------+----------+-------------------------------------------
     0 | D:1      | ZappyNine the Barachi Transmuter began the quest for the
                  | Orb.
     0 | D:1      | Reached XP level 1. HP: 15/15 MP: 3/3
   223 | D:1      | Reached XP level 2. HP: 19/21 MP: 5/5
   951 | D:1      | Reached skill level 4 in Unarmed Combat
   951 | D:1      | Reached XP level 3. HP: 25/27 MP: 4/6
  1053 | D:1      | Learned a level 2 spell: Wereblood
  1083 | D:1      | Learned a level 3 spell: Spider Form
  2135 | D:2      | Reached XP level 4. HP: 21/34 MP: 3/7
  3050 | D:3      | Reached skill level 1 in Poison Magic
  3532 | D:3      | Reached XP level 5. HP: 19/40 MP: 8/8
  3901 | D:3      | Noticed a black bear
  3914 | D:3      | HP: 2/40 [black bear (2)]
  3914 | D:3      | Slain by a black bear

Illustrated notes

Levels and vault maps discovered:
D:1:      tarquinn_simple_flora_water_a, layout_basic
D:2:      minmay_spotlight, layout_loops_cross
D:3:      layout_loops_ring, ebering_dispersal_statue_hall

Skill      XL: |  1  2  3  4 |
---------------+-------------+-----
Fighting       | 2 |  2.9
Unarmed Combat | 4 |  4.9
Poison Magic   | 1 |  1.2
Dodging        | |  2.1
Spellcasting   | |  2.1
Transmutations | |  2.9

Action                   |  1- 3 |  4- 6 || total
-------------------------+-------+-------++-------
Melee: Unarmed           |   126 |    84 ||   210
       Headbutt          |     7 |     3 ||    10
       Kick              |     9 |    11 ||    20
       Punch             |     4 |     3 ||     7
 Cast: Beastly Appendage |     9 |    12 ||    21
       Spider Form       |     3 |     1 ||     4
       Wereblood         |     2 |     3 ||     5
 Stab: Sleeping          |     2 |       ||     2
Armor: Robe              |    23 |    16 ||    39
Dodge: Dodged            |    93 |    59 ||   152
